 Dungeon Crawl Stone Soup version 0.23.2-1-ga50397a6bc (webtiles) character file.

Game seed: 9541530950291183401

55 Mrkan the Shooter (level 3, 0/30 HPs)
             Began as a Centaur Hunter on May 14, 2019.
             Slain by Grinder (3 damage)
             ... on level 3 of the Dungeon.
             The game lasted 00:06:10 (1249 turns).

Mrkan the Shooter (Centaur Hunter)                  Turns: 1249, Time: 00:06:11

Health: 0/30       AC:  4    Str: 15    XL:     3   Next: 67%
Magic:  3/3        EV:  9    Int: 10    God:
Gold:   102        SH:  0    Dex:  9    Spells: 2/2 levels left

rFire    . . .     SeeInvis .   a - +1 shortbow
rCold    . . .     Gourm    .   (shield currently unavailable)
rNeg     . . .     Faith    .   c - +0 leather armour
rPois    .         Spirit   .   (no helmet)
rElec    .         Reflect  .   (no cloak)
rCorr    .         Harm     .   (no gloves)
MR       .....                  (no barding)
Stlth    +.........             (no amulet)
HPRegen  0.10/turn              (no ring)
MPRegen  0.08/turn              (no ring)

@: very quick
A: large, hooves 3, deformed body, speed 2, tough skin 3
a: no special abilities


You were on level 3 of the Dungeon.
You were not hungry.

You visited 1 branch of the dungeon, and saw 3 of its levels.

You collected 102 gold pieces.

Inventory:

Hand Weapons
 a - a +1 shortbow (weapon)
 b - a +0 short sword
Missiles
 d - 62 arrows (quivered)
Armour
 c - a +0 leather armour (worn)
 t - a +0 pair of gloves
Jewellery
 h - an uncursed ring of see invisible {unknown}
Scrolls
 i - 3 scrolls of identify {unknown}
 j - a scroll of fog {unknown}
 k - a scroll of immolation {unknown}
 l - a scroll of blinking {unknown}
 m - a scroll of fear {unknown}
 n - a scroll of random uselessness {unknown}
Potions
 e - a potion of curing {unknown}
 g - a potion of mutation {unknown}
 o - a potion of degeneration {unknown}
 p - a potion of heal wounds {unknown}
 q - 2 potions of lignification {unknown}
 r - a potion of magic {unknown}
 s - a potion of might {unknown}
Comestibles
 f - 4 rations


   Skills:
 * Level 2.8 Fighting
 * Level 6.5 Bows
 + Level 0.1 Armour
 - Level 1.3 Dodging
 + Level 0.4 Stealth


You had 2 spell levels left.
You didn't know any spells.
Your spell library was empty.

Dungeon Overview and Level Annotations

Branches:
Dungeon (3/15)

Altars:
Kikubaaqudgha

Annotations:
D:3 Grinder


Innate Abilities, Weirdness & Mutations

You have hooves in place of feet.
Armour fits poorly on your strangely shaped body.
You cover ground very quickly.
You have extremely tough skin. (AC +3)


Message History

Firing (i - inventory)
d - 64 arrows (quivered)
Press: ? - help, Shift-Dir - straight line, f/p - Grinder
Aim: Grinder (heavily wounded)
You shoot an arrow. The arrow closely misses Grinder.
Grinder gestures at you.
You suddenly lose the ability to move!
Grinder gestures at you. You resist with significant effort.
Grinder hits you. x3
* * * LOW HITPOINT WARNING * * *
You writhe in agony.
* * * LOW HITPOINT WARNING * * *
You can move again.
Firing (i - inventory)
d - 63 arrows (quivered)
Press: ? - help, Shift-Dir - straight line, f/p - Grinder
Aim: Grinder (heavily wounded)
You shoot an arrow. The arrow completely misses Grinder.
Grinder hits you.
* * * LOW HITPOINT WARNING * * *
You writhe in agony.
You die...

##.#########
#....@5...(#
#..#######.#
#. #.#
###..##### #(#
..(....<.###.#
###..##...##.#
#..#...(.#(#
#.(..(...!(#
#...(..<...#


You could see Grinder.

Vanquished Creatures
  A worm (D:2)
  3 dart slugs (D:1)
  3 ball pythons
  2 giant cockroaches (D:1)
  7 goblins
  3 hobgoblins
  7 kobolds
  7 bats
  2 frilled lizards
  8 rats
43 creatures vanquished.

Notes
Turn   | Place    | Note
-------+----------+-------------------------------------------
     0 | D:1      | Mrkan the Centaur Hunter began the quest for the Orb.
     0 | D:1      | Reached XP level 1. HP: 17/17 MP: 1/1
    80 | D:1      | Reached XP level 2. HP: 16/25 MP: 2/2
   330 | D:1      | Reached skill level 6 in Bows
   413 | D:1      | Reached XP level 3. HP: 22/30 MP: 3/3
   900 | D:2      | Found an ancient bone altar of Kikubaaqudgha.
  1210 | D:3      | Noticed Grinder
  1211 | D:3      | Paralysed by Grinder for 5 turns
  1241 | D:3      | Paralysed by Grinder for 7 turns
  1249 | D:3      | Slain by Grinder

Skill      XL: |  1  2 |
---------------+-------+-----
Bows           | 6 |  6.5
Fighting       | |  2.8
Armour         | |  0.1
Dodging        | |  1.3
Stealth        | |  0.4

Action                   || total
-------------------------++-------
Melee: Shortbow          ||    27
       Kick              ||     4
 Fire: Shortbow          ||   143
Armor: Leather armour    ||    43
Dodge: Dodged            ||    55
